[Event "Titled Tuesday Blitz March 29 Late 2022"]
[White "Paravyan, David"]
[Black "Xiong, Jeffery"]
[WhiteFideId "4194985"]
[BlackFideId "2047640"]
[WhiteElo "2569"]
[BlackElo "2727"]
[Result "0-1"]
[Round "11"]
[TimeControl "180+1"]
[Date "2022.03.29"]
[WhiteClock "0:00:02"]
[BlackClock "0:01:04"]

1. e4 c5 2. Nf3 d6 3. d4 cxd4 4. Nxd4 Nf6 5. Nc3 a6 6. Bg5 e6 7. f4 h6 8. Bh4 Qb6 9. a3 Nbd7 10. Bf2 Qc7 11. Qf3 b5 12. O-O-O Bb7 13. Bd3 h5 14. Rhe1 Rc8 15. Kb1 Be7 16. h3 h4 17. Qe2 Nc5 18. Nf3 Nh5 19. Qd2 Nxd3 20. cxd3 Qd8 21. Rc1 O-O 22. Ne2 Rxc1+ 23. Rxc1 d5 24. e5 d4 25. Nexd4 Qd7 26. Nb3 Bxf3 27. gxf3 Qd5 28. Nd4 Bd8 29. Rc2 Re8 30. Qc1 Bb6 31. Rc8 Rxc8 32. Qxc8+ Kh7 33. Qc3 Nxf4 34. Be3 Bxd4 35. Bxd4 Ne2 36. Qe1 Nxd4 37. Qxh4+ Kg8 38. f4 Nf5 39. Qg5 Qxd3+ 0-1


[Site "https://www.chess.com"]

[Event "Titled Tuesday Blitz March 29 Late 2022"]
[White "Petesch, Gabriel"]
[Black "Melikhov, Evgeny V."]
[WhiteFideId "2032465"]
[BlackFideId "4122046"]
[WhiteElo "2374"]
[BlackElo "1945"]
[Result "1-0"]
[Round "11"]
[TimeControl "180+1"]
[Date "2022.03.30"]
[WhiteClock "0:00:13"]
[BlackClock "0:00:25"]

1. Nf3 f5 2. d3 Nf6 3. Nc3 d6 4. e4 e5 5. g3 Nc6 6. Bg2 Be7 7. O-O O-O 8. d4 fxe4 9. Ng5 exd4 10. Ncxe4 Nxe4 11. Nxe4 Bf5 12. Re1 Qd7 13. c3 dxc3 14. Nxc3 Bh3 15. Nd5 Bxg2 16. Kxg2 Rae8 17. Qb3 Kh8 18. Qxb7 Qf5 19. Nf4 Ne5 20. Qe4 Qxe4+ 21. Rxe4 Bf6 22. Bd2 c6 23. Rae1 Rb8 24. Bc3 Rb5 25. Ne6 Rc8 26. Nd4 Rd5 27. f4 h6 28. fxe5 dxe5 29. Nf3 Rd3 30. Nxe5 Bxe5 31. Rxe5 Rc7 32. Re7 Rxe7 33. Rxe7 Kh7 34. Rxg7+ Kh8 35. Rxa7+ Kg8 36. a4 Kf8 37. a5 Rd1 38. a6 Ra1 39. Ra8+ Ke7 40. a7 Kd6 41. Rd8+ Kc5 42. a8=Q Rxa8 43. Rxa8 Kc4 44. Rh8 c5 45. Rxh6 Kb3 46. Rh5 c4 47. Rc5 Kc2 48. g4 Kd3 49. g5 Ke4 50. g6 Kd3 51. g7 Kc2 52. g8=Q Kb3 53. Qxc4+ Kc2 54. Bd4+ Kb1 55. Qc1+ Ka2 56. Ra5+ Kb3 57. Qc3# 1-0


[Site "https://www.chess.com"]

[Event "Titled Tuesday Blitz March 29 Late 2022"]
[White "Petrova, Irina"]
[Black "Przybylski, Wojciech"]
[WhiteFideId "14124122"]
[BlackFideId "1117599"]
[WhiteElo "1993"]
[BlackElo "2133"]
[Result "0-1"]
[Round "11"]
[TimeControl "180+1"]
[Date "2022.03.30"]
[WhiteClock "0:00:27"]
[BlackClock "0:01:54"]

1. e4 c5 2. Nf3 d6 3. Bb5+ Nd7 4. O-O e5 5. c3 a6 6. Bxd7+ Bxd7 7. d4 f6 8. dxe5 dxe5 9. Nxe5 Be6 10. Nf3 Qxd1 11. Rxd1 Ne7 12. Bf4 Nc6 13. Nbd2 Rd8 14. Nf1 Rxd1 15. Rxd1 Bxa2 16. Ne3 Bb3 17. Rd2 g5 18. Bg3 h5 19. Nd5 Kf7 20. Bc7 Bh6 21. Re2 Re8 22. Re1 g4 23. Nh4 Bxd5 24. Nf5 Bf8 25. Rd1 Bxe4 26. Ng3 Bc2 27. Rd7+ Re7 0-1


[Site "https://www.chess.com"]

[Event "Titled Tuesday Blitz March 29 Late 2022"]
[White "Petrovic, Aleksa"]
[Black "Tiarks, Jann-Christian"]
[WhiteFideId "967629"]
[BlackFideId "12951595"]
[WhiteElo "2245"]
[BlackElo "2176"]
[Result "1-0"]
[Round "11"]
[TimeControl "180+1"]
[Date "2022.03.30"]
[WhiteClock "0:00:28"]
[BlackClock "0:01:14"]

1. d4 d5 2. Nf3 e6 3. c4 Nf6 4. Nc3 Be7 5. Bf4 O-O 6. e3 b6 7. Bd3 Bb7 8. O-O c5 9. cxd5 Nxd5 10. Nxd5 Bxd5 11. dxc5 Bxc5 12. Bxh7+ Kxh7 13. Ng5+ Kg6 14. Qg4 f5 15. Qg3 Kf6 16. b4 Bxb4 17. Be5+ Ke7 18. Nh7 Rf7 19. Qh4+ Kd7 20. Qxb4 Nc6 21. Qd6+ Ke8 22. Rac1 Rd7 23. Qf8# 1-0


[Site "https://www.chess.com"]

[Event "Titled Tuesday Blitz March 29 Late 2022"]
[White "Piliczewski, Bogusz"]
[Black "Curtis, John"]
[WhiteFideId "1104144"]
[BlackFideId "3200256"]
[WhiteElo "1896"]
[BlackElo "2203"]
[Result "0-1"]
[Round "11"]
[TimeControl "180+1"]
[Date "2022.03.30"]
[WhiteClock "0:00:01"]
[BlackClock "0:01:07"]

1. d4 Nf6 2. Nf3 g6 3. Bf4 d6 4. h3 Bg7 5. e3 O-O 6. Be2 b6 7. O-O Bb7 8. Nbd2 Re8 9. c4 Nbd7 10. b4 Ne4 11. Nxe4 Bxe4 12. Bh2 e5 13. d5 Bxf3 14. gxf3 a5 15. e4 axb4 16. Qb3 Nc5 17. Qxb4 Ra4 18. Qb2 Qa8 19. a3 Bh6 20. Rfd1 Qa5 21. Bg3 Ra8 22. Ra2 Rxa3 23. Rxa3 Qxa3 24. Qxa3 Rxa3 25. Rb1 Ra2 26. Bf1 Ra3 0-1


[Site "https://www.chess.com"]

[Event "Titled Tuesday Blitz March 29 Late 2022"]
[White "Pourkashiyan, Atousa"]
[Black "Gauri, Shankar"]
[WhiteFideId "12502014"]
[BlackFideId "5041350"]
[WhiteElo "2247"]
[BlackElo "2240"]
[Result "0-1"]
[Round "11"]
[TimeControl "180+1"]
[Date "2022.03.30"]
[WhiteClock "0:01:55"]
[BlackClock "0:02:46"]

1. e4 c6 2. d4 d5 3. Nd2 dxe4 4. Nxe4 Nf6 5. Nxf6+ exf6 6. c3 Bd6 7. Bd3 O-O 8. Ne2 Re8 9. Be3 Nd7 10. Qc2 Nf8 11. O-O-O Be6 12. Kb1 b5 13. Bf4 a5 14. Bxd6 Qxd6 15. h4 a4 16. Rc1 Qd5 17. c4 bxc4 18. Bxc4 Qxc4 19. Qxc4 Bxc4 20. Rxc4 Rxe2 21. Rxc6 Rxf2 0-1


[Site "https://www.chess.com"]

[Event "Titled Tuesday Blitz March 29 Late 2022"]
[White "Qashashvili, Alexandre"]
[Black "Kostiukov, Alexandr"]
[WhiteFideId "13600842"]
[BlackFideId "14108100"]
[WhiteElo "2316"]
[BlackElo "2202"]
[Result "1-0"]
[Round "11"]
[TimeControl "180+1"]
[Date "2022.03.30"]
[WhiteClock "0:01:11"]
[BlackClock "0:00:03"]

1. e4 c5 2. Nc3 g6 3. Nf3 Bg7 4. d3 Nc6 5. Be3 d6 6. Qd2 e5 7. Be2 Nge7 8. Bh6 O-O 9. h4 Bxh6 10. Qxh6 f6 11. Qd2 Nd4 12. h5 g5 13. h6 Be6 14. a3 Qd7 15. Bd1 b5 16. Ne2 Nxf3+ 17. gxf3 d5 18. Ng3 Ng6 19. Nh5 a5 20. c3 d4 21. cxd4 exd4 22. f4 Nxf4 23. Nxf4 gxf4 24. Qxf4 Kh8 25. Bh5 c4 26. Rg1 Rf7 27. Bxf7 Qxf7 28. Rg7 Qf8 29. Kd2 c3+ 30. bxc3 dxc3+ 31. Kxc3 Rc8+ 32. Kd2 b4 33. Rb1 1-0


[Site "https://www.chess.com"]

[Event "Titled Tuesday Blitz March 29 Late 2022"]
[White "Ricaurte Lopez, Juan Carlos"]
[Black "Tsukerman, Julia"]
[WhiteFideId "3600327"]
[BlackFideId "2621649"]
[WhiteElo "2209"]
[BlackElo "2129"]
[Result "0-1"]
[Round "11"]
[TimeControl "180+1"]
[Date "2022.03.30"]
[WhiteClock "0:00:29"]
[BlackClock "0:01:01"]

1. e4 c5 2. Nf3 d6 3. d4 cxd4 4. Nxd4 Nf6 5. Nc3 a6 6. f4 e6 7. Bd3 Be7 8. O-O Qc7 9. Kh1 Nbd7 10. Qe2 O-O 11. Nf3 Nc5 12. e5 dxe5 13. fxe5 Nxd3 14. exf6 Nxc1 15. Raxc1 Bxf6 16. Rcd1 Bxc3 17. bxc3 Qxc3 18. Ne5 b5 19. Rd3 Qc7 20. Qf3 Bb7 21. Qg3 Rad8 22. Rc3 Qb8 23. Qe3 Rd5 24. Nd3 Qd6 25. Qa7 Qb8 26. Qb6 Rg5 0-1


[Site "https://www.chess.com"]

[Event "Titled Tuesday Blitz March 29 Late 2022"]
[White "Ronka, Erik"]
[Black "Shton, Roman"]
[WhiteFideId "505080"]
[BlackFideId "14137461"]
[WhiteElo "2264"]
[BlackElo "2013"]
[Result "0-1"]
[Round "11"]
[TimeControl "180+1"]
[Date "2022.03.30"]
[WhiteClock "0:00:03"]
[BlackClock "0:00:23"]

1. e4 Nf6 2. Nc3 d5 3. e5 Nfd7 4. e6 fxe6 5. d4 c5 6. Nf3 Nc6 7. Bb5 g6 8. h4 Nf6 9. Ne5 Qb6 10. dxc5 Qxc5 11. h5 Ne4 12. Nxe4 dxe4 13. Nxc6 bxc6 14. Ba4 Bg7 15. hxg6 hxg6 16. Rxh8+ Bxh8 17. Be3 Qb4+ 18. c3 Qxb2 19. Bxc6+ Kf7 20. Rc1 Bxc3+ 21. Kf1 Ba6+ 22. Kg1 Rc8 23. Bd7 Rc7 24. Qa4 Bc4 25. Bb5 Bd5 26. Bf1 Qxa2 27. Qd1 a5 28. Qg4 a4 29. Bf4 Rc6 30. Qh4 Bg7 31. Bg5 Rxc1 32. Bxc1 Qb1 33. Qf4+ Bf6 34. Kh2 a3 35. Qh6 a2 36. Qh7+ Bg7 0-1


[Site "https://www.chess.com"]

[Event "Titled Tuesday Blitz March 29 Late 2022"]
[White "Rorrer, Grayson"]
[Black "Iskusnyh, Sergei"]
[WhiteFideId "30944996"]
[BlackFideId "4120027"]
[WhiteElo "2122"]
[BlackElo "2492"]
[Result "0-1"]
[Round "11"]
[TimeControl "180+1"]
[Date "2022.03.29"]
[WhiteClock "0:01:20"]
[BlackClock "0:00:46"]

1. e4 e6 2. d4 d5 3. Nd2 c5 4. exd5 exd5 5. Ngf3 Nc6 6. Bb5 cxd4 7. O-O Bd6 8. Nxd4 Ne7 9. Re1 O-O 10. N2f3 Bg4 11. Be2 Re8 12. h3 Bh5 13. c3 a6 14. Bg5 Qc7 15. Nc2 h6 16. Bxe7 Rxe7 17. Nfd4 Bg6 18. Ne3 Rd8 19. Nf3 Be4 20. Nc2 Rde8 21. Nfd4 Nxd4 22. Nxd4 Bg6 23. Qb3 Bc5 24. Rec1 Rxe2 25. Nxe2 Rxe2 26. Rf1 Qg3 27. Qxd5 Be4 0-1


[Site "https://www.chess.com"]

[Event "Titled Tuesday Blitz March 29 Late 2022"]
[White "Rosen, Eric"]
[Black "Karttunen, Mika"]
[WhiteFideId "2032562"]
[BlackFideId "502081"]
[WhiteElo "2362"]
[BlackElo "2343"]
[Result "0-1"]
[Round "11"]
[TimeControl "180+1"]
[Date "2022.03.29"]
[WhiteClock "0:00:04"]
[BlackClock "0:00:15"]

1. d4 Nf6 2. Bf4 d6 3. Nc3 Nbd7 4. Nf3 e6 5. e4 a6 6. a4 b6 7. Bd3 Bb7 8. Qe2 c5 9. Bg3 Nh5 10. Rd1 Nxg3 11. hxg3 cxd4 12. Nxd4 Ne5 13. f4 Nxd3+ 14. Rxd3 Qc7 15. f5 e5 16. Nf3 b5 17. g4 Qa5 18. O-O Be7 19. Ra1 b4 20. Nd5 Qc5+ 21. Kh2 Bxd5 22. Rxd5 Qc6 23. g5 Rc8 24. Rd2 h6 25. g6 fxg6 26. fxg6 O-O 27. Rad1 Rf6 28. Qd3 Rxg6 29. Qb3+ Kh7 30. Qxb4 Rg4 31. Nxe5 dxe5 32. Qxe7 Qxe4 33. Qa7 Rxc2 34. Rxc2 Qxc2 35. Rg1 Qxa4 36. Qe3 Qf4+ 37. Kh3 Qxe3+ 38. Kxg4 Qxg1 39. Kh3 Qe3+ 40. g3 Qf3 41. b4 Qh1+ 42. Kg4 Kg6 43. b5 h5# 0-1


[Site "https://www.chess.com"]

[Event "Titled Tuesday Blitz March 29 Late 2022"]
[White "Sanchez Alvares, Kelvin Antonio"]
[Black "Terletsky, Oleg"]
[WhiteFideId "3906680"]
[BlackFideId "14116774"]
[WhiteElo "2193"]
[BlackElo "2064"]
[Result "0-1"]
[Round "11"]
[TimeControl "180+1"]
[Date "2022.03.30"]
[WhiteClock "0:00:55"]
[BlackClock "0:01:00"]

1. e4 e5 2. Nf3 Nc6 3. Bb5 a6 4. Ba4 Nf6 5. O-O Be7 6. Re1 b5 7. Bb3 d6 8. a4 Bg4 9. axb5 Nd4 10. bxa6 Qc8 11. c3 Nxf3+ 12. gxf3 Bh3 13. Bc4 O-O 14. d4 Nh5 15. Be3 Qd8 16. Nd2 Bg5 17. Kh1 Bf4 18. Bxf4 Nxf4 19. Rg1 Qh4 20. Rg3 Kh8 21. Bf1 f5 22. exf5 Rxf5 23. Ne4 Rh5 24. Kg1 Bf5 0-1


[Site "https://www.chess.com"]

[Event "Titled Tuesday Blitz March 29 Late 2022"]
[White "Sanchez, Robert"]
[Black "Romero Ruscalleda, Josep"]
[WhiteFideId "2034360"]
[BlackFideId "2231859"]
[WhiteElo "2288"]
[BlackElo "2322"]
[Result "1/2-1/2"]
[Round "11"]
[TimeControl "180+1"]
[Date "2022.03.30"]
[WhiteClock "0:00:11"]
[BlackClock "0:00:19"]

1. e4 g6 2. d4 Bg7 3. Nc3 d6 4. Be3 a6 5. f3 b5 6. Qd2 Nd7 7. O-O-O Bb7 8. g4 Rc8 9. d5 c6 10. dxc6 Bxc6 11. Bd4 Kf8 12. h4 h5 13. g5 Ne5 14. f4 Ng4 15. Bxg7+ Kxg7 16. Bh3 Bd7 17. Nf3 Qb6 18. Nd5 Qc5 19. Kb1 e6 20. Nb4 Nf2 21. Nd3 Nxd3 22. Qxd3 Ne7 23. Rd2 d5 24. Ne5 Rhd8 25. Nxd7 Rxd7 26. f5 exf5 27. exf5 gxf5 28. Bxf5 Nxf5 29. Qxf5 Qc6 30. Qe5+ Kg8 31. Rf1 Qe6 32. Qd4 Rc4 33. Qf2 Re4 34. a3 d4 35. Qf3 Re1+ 36. Rxe1 Qxe1+ 37. Rd1 Qe6 38. Qxh5 Qe4 39. Rd3 Rc7 40. Qf3 Qxh4 41. Qa8+ Kg7 42. Qxa6 Qe1+ 43. Ka2 Rxc2 44. Qxb5 Qe6+ 45. Qb3 Rc4 46. a4 Rxa4+ 47. Kb1 Qxb3 48. Rxb3 Ra5 49. Rd3 Rd5 50. Kc2 Kg6 51. Kb3 Kxg5 52. Kc4 Rd7 53. Rxd4 Rb7 54. b4 f5 55. b5 f4 56. Kc5 f3 57. Kc6 Rf7 58. Rd1 f2 59. b6 f1=Q 60. Rxf1 Rxf1 61. b7 Rc1+ 62. Kd7 Rb1 63. Kc7 Rc1+ 64. Kd7 Rb1 65. Kc7 Rc1+ 66. Kd7 1/2-1/2


[Site "https://www.chess.com"]

[Event "Titled Tuesday Blitz March 29 Late 2022"]
[White "Sapunov, Evgeny"]
[Black "Dreev, Aleksey"]
[WhiteFideId "4126661"]
[BlackFideId "4100107"]
[WhiteElo "2470"]
[BlackElo "2625"]
[Result "0-1"]
[Round "11"]
[TimeControl "180+1"]
[Date "2022.03.29"]
[WhiteClock "0:00:10"]
[BlackClock "0:00:10"]

1. c4 c6 2. Nf3 d5 3. b3 Bg4 4. e3 Nd7 5. Bb2 e6 6. h3 Bh5 7. Nc3 Ngf6 8. g4 Bg6 9. Nh4 Bb4 10. Nxg6 hxg6 11. a3 Bd6 12. d4 g5 13. Bg2 Qe7 14. Qc2 Rd8 15. e4 dxe4 16. Nxe4 Nxe4 17. Qxe4 Nf6 18. Qf3 Bf4 19. O-O Kf8 20. Rfe1 Qc7 21. Rad1 Kg8 22. Qd3 Rh6 23. Qc2 a6 24. Re2 Bh2+ 25. Kf1 Bd6 26. Bc1 Bf4 27. Bb2 Qd6 28. Ree1 Nd7 29. b4 Nf8 30. d5 cxd5 31. cxd5 e5 32. Qc5 Nd7 33. Qc4 Rf6 34. Re2 Qb8 35. a4 Rd6 36. a5 Rc8 37. Qd3 Qc7 38. Be4 g6 39. Qf3 Qc4 40. Kg2 Rd8 41. Ba3 Nf6 42. Bb1 Qb5 43. Ba2 e4 44. Qc3 Qxe2 45. Bc4 Qxd1 0-1


[Site "https://www.chess.com"]

[Event "Titled Tuesday Blitz March 29 Late 2022"]
[White "Sarkar, Justin"]
[Black "Brizzi, Milagros Tatiana"]
[WhiteFideId "2010011"]
[BlackFideId "128350"]
[WhiteElo "2038"]
[BlackElo "1844"]
[Result "1-0"]
[Round "11"]
[TimeControl "180+1"]
[Date "2022.03.30"]
[WhiteClock "0:00:07"]
[BlackClock "0:00:13"]

1. e4 c6 2. d4 d5 3. e5 Bf5 4. Bd3 Bxd3 5. Qxd3 e6 6. Ne2 c5 7. c3 Nc6 8. O-O cxd4 9. cxd4 Nge7 10. Nd2 Nc8 11. Nf3 Be7 12. Nf4 O-O 13. Nh5 Nb6 14. b3 Rc8 15. a3 a5 16. Be3 a4 17. Rfb1 Rc7 18. b4 Nc4 19. Bc1 b5 20. g3 h6 21. h4 Nb8 22. Kg2 Nd7 23. Ne1 Ndb6 24. Qf3 Kh7 25. Nd3 Nd7 26. Nc5 Nxc5 27. bxc5 Rb7 28. Qg4 Rg8 29. Qf4 Bf8 30. Qf3 Qd7 31. Qd3+ Kh8 32. Bxh6 Qe7 33. Bg5 Qd7 34. Qf3 Na5 35. Nf6 gxf6 36. Qh5+ 1-0


[Site "https://www.chess.com"]

[Event "Titled Tuesday Blitz March 29 Late 2022"]
[White "Sjugirov, Sanan"]
[Black "Quintiliano Pinto, Renato R."]
[WhiteFideId "4189302"]
[BlackFideId "2117568"]
[WhiteElo "2602"]
[BlackElo "2439"]
[Result "0-1"]
[Round "11"]
[TimeControl "180+1"]
[Date "2022.03.29"]
[WhiteClock "0:00:49"]
[BlackClock "0:00:16"]

1. e4 c5 2. Nf3 d6 3. Bb5+ Bd7 4. Bxd7+ Nxd7 5. O-O Ngf6 6. Qe2 e6 7. c3 Rc8 8. d4 cxd4 9. cxd4 Nb6 10. Nc3 Be7 11. Rd1 O-O 12. h3 Qd7 13. Bf4 Na4 14. Nxa4 Qxa4 15. b3 Qa5 16. Bg5 h6 17. Bh4 Rfe8 18. Rac1 Qa3 19. Rxc8 Rxc8 20. Bxf6 Bxf6 21. e5 Be7 22. d5 exd5 23. e6 Rc1 24. exf7+ Kxf7 25. Nd4 Rxd1+ 26. Qxd1 Bf6 27. Qh5+ Ke7 28. Nf5+ Kd8 29. g3 Qxa2 30. Nxd6 Kd7 31. Nxb7 Kc6 32. Qf7 Qa6 33. Nd8+ Bxd8 34. Qe6+ Kb7 35. Qxd5+ Kc8 36. Qa8+ Kd7 37. Qd5+ Qd6 38. Qb7+ Qc7 39. Qd5+ Ke7 40. Qg8 Qe5 41. Qc4 Bb6 42. Qb4+ Bc5 43. Qb7+ Kf8 44. Qf3+ Kg8 45. Kg2 Bb6 46. h4 Qf6 47. Qd5+ Qf7 48. Qa8+ Kh7 49. Qe4+ Qg6 50. Qf3 h5 51. Qd5 Qe8 52. Qf3 g6 53. Qb7+ Kh8 54. Qd5 Kg7 55. Qb7+ Qf7 56. Qf3 Qxf3+ 57. Kxf3 Kf6 0-1


[Site "https://www.chess.com"]

[Event "Titled Tuesday Blitz March 29 Late 2022"]
[White "Song, Guannan Terry"]
[Black "Meza, Anahi"]
[WhiteFideId "2614189"]
[BlackFideId "111325"]
[WhiteElo "2115"]
[BlackElo "1968"]
[Result "1-0"]
[Round "11"]
[TimeControl "180+1"]
[Date "2022.03.30"]
[WhiteClock "0:01:15"]
[BlackClock "0:00:18"]

1. a3 e5 2. h3 d5 3. g4 Nc6 4. Bg2 h6 5. b4 Nf6 6. Bb2 Bd6 7. Nc3 Be6 8. e3 d4 9. Nb5 O-O 10. Nxd6 Qxd6 11. Ne2 Rad8 12. Ng3 d3 13. cxd3 Qxd3 14. Bf1 Qd5 15. Qe2 Qb3 16. Bc3 Nd5 17. Qc4 Qa4 18. b5 Qxc4 19. Bxc4 Nce7 20. Bxe5 c6 21. O-O cxb5 22. Bxb5 Ng6 23. Bd4 Nh4 24. Be2 a6 25. f4 Ne7 26. Rac1 Rd7 27. Kf2 Neg6 28. f5 Nxf5 29. gxf5 1-0


[Site "https://www.chess.com"]

[Event "Titled Tuesday Blitz March 29 Late 2022"]
[White "Szente Varga, Fruzsina"]
[Black "Gatterer, Florian"]
[WhiteFideId "712264"]
[BlackFideId "811688"]
[WhiteElo "1994"]
[BlackElo "2218"]
[Result "1-0"]
[Round "11"]
[TimeControl "180+1"]
[Date "2022.03.30"]
[WhiteClock "0:02:12"]
[BlackClock "0:00:59"]

1. e4 d6 2. d4 Nf6 3. Nc3 g6 4. f3 a6 5. Be3 b5 6. Qd2 Nbd7 7. O-O-O Nb6 8. Bd3 b4 9. Nce2 a5 10. Kb1 Nfd7 11. h4 h5 12. g4 c5 13. dxc5 dxc5 14. Bb5 Qc7 15. gxh5 Rxh5 16. Nf4 Re5 17. h5 g5 18. Nd3 Re6 19. Nxc5 Rc6 20. Nxd7 Nxd7 21. Bxc6 Qxc6 22. h6 Bxh6 23. Ne2 1-0


[Site "https://www.chess.com"]

[Event "Titled Tuesday Blitz March 29 Late 2022"]
[White "Sztokbant, Bernardo Vainzoff"]
[Black "Mikhailov, Viacheslav"]
[WhiteFideId "2115956"]
[BlackFideId "4187369"]
[WhiteElo "2237"]
[BlackElo "2381"]
[Result "0-1"]
[Round "11"]
[TimeControl "180+1"]
[Date "2022.03.29"]
[WhiteClock "0:00:06"]
[BlackClock "0:00:05"]

1. e4 d6 2. d4 Nf6 3. Nc3 g6 4. Nf3 Bg7 5. Be2 O-O 6. O-O Bg4 7. Be3 Nc6 8. Qd2 e5 9. dxe5 dxe5 10. Rad1 Bxf3 11. Bxf3 Qxd2 12. Rxd2 Rfd8 13. Rfd1 Rxd2 14. Rxd2 a6 15. Be2 Rd8 16. Rxd8+ Nxd8 17. f3 Ne6 18. Kf2 Kf8 19. Bc4 Ke7 20. Ne2 Nd7 21. g3 Nd4 22. c3 Nxe2 23. Kxe2 c6 24. Bb3 h5 25. f4 Nf6 26. Bc5+ Ke8 27. Kf3 Nd7 28. Be3 Bf8 29. f5 Bc5 30. Bd2 Kf8 31. h3 Kg7 32. g4 hxg4+ 33. hxg4 Be7 34. g5 f6 35. Be6 Nc5 36. Bc8 fxg5 37. b4 g4+ 38. Kxg4 Nxe4 39. Be1 Nd6 40. Bd7 gxf5+ 41. Bxf5 Kf7 42. Bg3 Bf6 43. Bc2 Ke6 44. Kf3 e4+ 45. Ke2 Bxc3 46. Bxd6 Kxd6 47. Bxe4 Bxb4 48. Kd3 b5 49. Kc2 Be1 50. Bf3 Kc7 51. Be2 Kb6 52. Bf3 c5 53. Bd5 c4 54. Bf7 Kc5 55. Kb1 Bh4 56. Kc2 Bf6 57. Be6 Kb4 58. Bc8 Ka5 59. Kb1 b4 60. Kc2 Kb6 61. Kb1 a5 62. Be6 Kc5 63. Kc2 a4 64. Bd7 b3+ 65. Kb1 Kb4 66. Bc6 Ka3 67. axb3 cxb3 68. Bd7 Kb4 69. Be6 a3 70. Bxb3 Kxb3 0-1


[Site "https://www.chess.com"]

[Event "Titled Tuesday Blitz March 29 Late 2022"]
[White "Taichman, Ori"]
[Black "Aravindh, Chithambaram VR."]
[WhiteFideId "2804069"]
[BlackFideId "5072786"]
[WhiteElo "2227"]
[BlackElo "2561"]
[Result "1-0"]
[Round "11"]
[TimeControl "180+1"]
[Date "2022.03.29"]
[WhiteClock "0:00:09"]
[BlackClock "0:00:04"]

1. e4 e6 2. d4 d5 3. Nc3 Nc6 4. e5 f6 5. Nf3 fxe5 6. dxe5 Nh6 7. Bxh6 gxh6 8. Bb5 Bd7 9. Bxc6 bxc6 10. Qd4 c5 11. Qg4 Qe7 12. O-O-O Qf7 13. Nxd5 exd5 14. e6 Bxe6 15. Rhe1 Ke7 16. Rxd5 Rg8 17. Qe4 Rd8 18. Rxc5 Ke8 19. Rxc7 Rd7 20. Ne5 Rd1+ 21. Kxd1 Qxc7 22. Nd3 Rg6 23. Nf4 Qd7+ 24. Kc1 Kf7 25. Nxg6 hxg6 26. Rd1 Qb5 27. Rd3 Bf5 28. Qd5+ Qxd5 29. Rxd5 Be4 30. Ra5 Bxg2 31. Rxa7+ Ke6 32. Kd2 Bb4+ 33. c3 Bd6 34. Ra6 Kd7 35. b4 g5 36. a4 h5 37. Ra7+ Kc8 38. Rh7 h4 39. Rh5 Bxh2 40. Kd3 Bf4 41. b5 h3 42. a5 h2 43. c4 h1=Q 44. Rxh1 Bxh1 45. c5 Kc7 46. Kd4 Bf3 47. a6 Be2 48. b6+ Kb8 49. a7+ Ka8 50. c6 Bf3 51. Kc5 g4 52. c7 Bb7 53. Kb5 Bd6 54. Kc4 g3 55. fxg3 Bxg3 56. Kc5 Be5 57. Kb5 Bf4 58. Kc5 Bg3 59. Kb5 Bf2 60. Ka5 Be3 61. Kb5 Bg1 62. Ka5 Bc8 63. Kb5 Kb7 64. a8=Q+ Kxa8 65. Kc6 Bd4 66. b7+ Bxb7+ 67. Kd7 Ka7 68. c8=Q Bb6 69. Qc4 Kb8 70. Qb5 Ka7 71. Kd6 Ba8 72. Qa4+ Kb8 73. Kd7 Bb7 74. Qb5 Ka7 75. Kd6 Ba8 76. Qa4+ Kb8 77. Qa6 Bc7+ 78. Kd7 Bb7 79. Qb5 Bh2 80. Qb6 Bf4 81. Qf6 Bh2 82. Qf8+ Ka7 83. Qc5+ Ka8 84. Qa5+ Kb8 85. Qd8+ Ka7 86. Qh4 Bg1 87. Qa4+ Kb8 88. Qf4+ Ka7 89. Qf8 Bb6 90. Qa3+ Kb8 91. Qd6+ Ka7 92. Qb4 Ba8 93. Kc8 Bb7+ 94. Kd7 Ba8 95. Qa3+ Kb8 96. Qa6 Bc7 97. Qc8+ Ka7 98. Qxc7+ Bb7 99. Qc5+ Ka6 100. Kc7 1-0


[Site "https://www.chess.com"]

[Event "Titled Tuesday Blitz March 29 Late 2022"]
[White "Tregubov, Pavel V."]
[Black "Chernobay, Artem"]
[WhiteFideId "4115341"]
[BlackFideId "4167406"]
[WhiteElo "2341"]
[BlackElo "2473"]
[Result "0-1"]
[Round "11"]
[TimeControl "180+1"]
[Date "2022.03.29"]
[WhiteClock "0:00:08"]
[BlackClock "0:00:05"]

1. e4 c5 2. Nf3 d6 3. Bb5+ Nd7 4. Ba4 Nf6 5. O-O g6 6. Re1 Bg7 7. c3 a6 8. d4 b5 9. Bc2 e5 10. a4 Bb7 11. Na3 O-O 12. Be3 Nxe4 13. axb5 exd4 14. cxd4 Re8 15. bxa6 Rxa6 16. Nc4 Qa8 17. Rxa6 Qxa6 18. Bd3 d5 19. Nce5 c4 20. Bxe4 dxe4 21. Nxd7 exf3 22. Nc5 Qc6 23. Nxb7 Qxb7 24. gxf3 Qxb2 25. Qa4 Rc8 26. d5 Qe5 27. Qa6 Qf5 28. d6 c3 29. Qb7 c2 30. d7 Rd8 31. Bc1 Bf6 32. Bh6 Be5 33. Qc8 Rxc8 34. Rxe5 Qxd7 0-1


[Site "https://www.chess.com"]

[Event "Titled Tuesday Blitz March 29 Late 2022"]
[White "Vasquez Schroeder, Rodrigo"]
[Black "Kosteniuk, Alexandra"]
[WhiteFideId "3400042"]
[BlackFideId "4128125"]
[WhiteElo "2561"]
[BlackElo "2469"]
[Result "1-0"]
[Round "11"]
[TimeControl "180+1"]
[Date "2022.03.29"]
[WhiteClock "0:01:35"]
[BlackClock "0:00:27"]

1. e4 e5 2. Nf3 Nc6 3. Bb5 a6 4. Ba4 Nf6 5. O-O Be7 6. Re1 b5 7. Bb3 O-O 8. h3 Bb7 9. d3 d5 10. exd5 Nxd5 11. Nc3 Nxc3 12. bxc3 Bf6 13. Nd2 g6 14. Ne4 Bg7 15. Bg5 Qc8 16. Nf6+ Bxf6 17. Bxf6 Qf5 18. Bh4 Na5 19. Qg4 Nxb3 20. axb3 Qxg4 21. hxg4 f6 22. g5 fxg5 23. Bxg5 Rf5 24. Bh4 Re8 25. f3 g5 26. Bg3 h5 27. Re3 g4 28. fxg4 hxg4 29. Rae1 Kf7 30. Bxe5 c5 31. Bd6 Rxe3 32. Rxe3 Kg6 33. Re7 Rf7 34. Rxf7 Kxf7 35. Bxc5 a5 36. Kf2 Ke6 37. c4 Bc6 38. cxb5 Bxb5 39. c4 Bd7 40. g3 Bc6 41. Ke3 Bf3 42. Bb6 Bd1 43. Bxa5 Bxb3 44. Kd4 Kd6 45. Bd2 Kc6 46. Bf4 Bc2 47. Kc3 Bb1 48. d4 Be4 49. d5+ Kc5 50. Be3+ Kd6 51. Kd4 1-0


[Site "https://www.chess.com"]

[Event "Titled Tuesday Blitz March 29 Late 2022"]
[White "Vifleemskaia, Svetlana"]
[Black "Jensen, Matthew R"]
[WhiteFideId "4129490"]
[BlackFideId "2018110"]
[WhiteElo "1901"]
[BlackElo "2287"]
[Result "1-0"]
[Round "11"]
[TimeControl "180+1"]
[Date "2022.03.30"]
[WhiteClock "0:00:31"]
[BlackClock "0:00:10"]

1. d4 d5 2. c4 c6 3. cxd5 cxd5 4. Bf4 Nc6 5. e3 e5 6. Bxe5 Bb4+ 7. Nc3 Nxe5 8. dxe5 Ne7 9. Bb5+ Bd7 10. Bxd7+ Qxd7 11. Ne2 O-O 12. O-O Nc6 13. Qxd5 Qf5 14. Qe4 Qxe5 15. Qxe5 Nxe5 16. Rfd1 Rfd8 17. a3 Ba5 18. b4 Bb6 19. Nd5 Nc4 20. h3 Kf8 21. Nef4 g5 22. Nh5 Rd6 23. Ndf6 Rad8 24. Nxh7+ Ke7 25. Rxd6 Rxd6 26. Nxg5 Nxe3 27. Re1 Rd1 28. Rxd1 Nxd1 29. Ne4 f5 30. Nc5 Nc3 31. Nxb7 Nb1 32. a4 Nc3 33. a5 Bd4 34. Nf4 Ne4 35. Nd3 Kd7 36. Nbc5+ Kc6 37. g4 Ng5 38. Kg2 fxg4 39. hxg4 Bc3 40. f4 Nf7 41. Ne4 Bd4 42. Kf3 Kb5 43. g5 Bc3 44. g6 Nh6 45. Nd6+ Kc6 46. Nf7 Nxf7 47. gxf7 Bg7 48. Ke4 Kd7 49. Kf5 Ke7 50. Kg6 Bf8 51. Ne5 Ke6 52. Nc6 Kd7 53. Nxa7 Bxb4 54. a6 Kc7 55. Kg7 Kb6 56. f8=Q Bxf8+ 57. Kxf8 1-0


[Site "https://www.chess.com"]

[Event "Titled Tuesday Blitz March 29 Late 2022"]
[White "Vine, Elzbieta"]
[Black "P., Komal Kishore"]
[WhiteFideId "1119320"]
[BlackFideId "5016703"]
[WhiteElo "1816"]
[BlackElo "2112"]
[Result "1-0"]
[Round "11"]
[TimeControl "180+1"]
[Date "2022.03.30"]
[WhiteClock "0:00:39"]
[BlackClock "0:01:11"]

1. e4 c6 2. d4 d5 3. e5 Bf5 4. h3 e6 5. g4 Be4 6. f3 Bg6 7. Ne2 Qh4+ 8. Kd2 Nd7 9. Qe1 Qd8 10. f4 h5 11. Ng3 hxg4 12. Nc3 gxh3 13. Bxh3 c5 14. f5 exf5 15. e6 fxe6 16. Qxe6+ Ne7 17. Bxf5 Bxf5 18. Nxf5 Rxh1 19. Nd6# 1-0


[Site "https://www.chess.com"]